 Dungeon Sprint DCSS version 0.20-a0-2-g2b0e13a (webtiles) character file.

408 GrittyGramps the Protected (level 6, -2/61 HPs)
             Began as a Hill Orc Fighter on Oct 28, 2016.
             Was a Believer of Trog.
             Slain by an eight-headed hydra (11 damage)
             ... in the Dungeon (Sprint IX: "|||||||||||||||||||||||||||||").
             The game lasted 00:04:22 (509 turns).

GrittyGramps the Protected (Hill Orc Fighter)        Turns: 509, Time: 00:04:22

Health: -2/61      AC: 16    Str: 21    XL:     6   Next: 88%
Magic:  9/9        EV: 10    Int: 11    God:    Trog [**....]
Gold:   0          SH:  0    Dex: 10    Spells: 0 memorised, 5 levels left

rFire  . . .     SeeInvis .     n - +4 quarterstaff (speed)
rCold  . . .     Gourm    .     o - +0 plate armour
rNeg   . . .     Faith    .     (shield currently unavailable)
rPois  .         Spirit   .     a - +0 helmet
rElec  .         Reflect  .     (no cloak)
rCorr  .         Harm     .     (no gloves)
MR     .....     NoTele   +     c - +0 pair of boots
Stlth  ..........               (no amulet)
                                p - +3 ring of intelligence
                                b - +2 ring of evasion

@: no status effects
A: no striking features
a: Berserk, Trog's Hand, Burn Spellbooks, Renounce Religion


You were in the Dungeon.
You worshipped Trog.
Trog was pleased with you.
You were full.

You visited 1 branch

Inventory:

Hand Weapons
 n - a +4 quarterstaff of speed (weapon)
Armour
 a - a +0 helmet (worn)
 c - a +0 pair of boots (worn)
 o - a +0 plate armour (worn)
Jewellery
 b - a +2 ring of evasion (left hand)
 p - a +3 ring of intelligence (right hand)
Wands
 m - a wand of acid (5/15)
Scrolls
 k - 2 scrolls of blinking
 l - 3 scrolls of remove curse
Potions
 d - a potion of invisibility
 e - 5 potions of curing
 g - a potion of heal wounds
 h - a potion of haste
 i - 4 potions of magic
 j - a potion of berserk rage


   Skills:
 * Level 8.2 Fighting
   Level 4.8(5.8) Maces & Flails
 * Level 4.2(5.0) Staves
 * Level 9.0 Armour
 * Level 4.1 Dodging
   Level 5.5 Shields
 * Level 4.5 Evocations


You had 5 spell levels left.
You didn't know any spells.

Dungeon Overview and Level Annotations

Branches:
Dungeon (1/1)

Altars:
Cheibriados
Dithmenos
Elyvilon
Fedhas
Gozag
Hepliaklqana
Kikubaaqudgha
Makhleb
Nemelex Xobeh
Okawaru
Qazlal
Ru
Sif Muna
Trog
Uskayaw
Vehumet
Xom
Yredelemnul
Zin
The Shining One
Beogh
Jiyva
Lugonu


Message History

The eight-headed hydra bites you.
* * * LOW HITPOINT WARNING * * *
The eight-headed hydra bites you!
* * * LOW HITPOINT WARNING * * *
The eight-headed hydra bites you.
* * * LOW HITPOINT WARNING * * *
The eight-headed hydra bites you but does no damage. x3
The eight-headed hydra barely misses you.
You feel much better.
The eight-headed hydra bites you but does no damage.
The eight-headed hydra bites you!
* * * LOW HITPOINT WARNING * * *
The eight-headed hydra bites you.
* * * LOW HITPOINT WARNING * * *
The eight-headed hydra bites you but does no damage.
The eight-headed hydra bites you.
* * * LOW HITPOINT WARNING * * *
The eight-headed hydra bites you but does no damage.
The eight-headed hydra bites you!
You die...

▓.▓
▓.▓
▓Z▓
▓J▓
▓c▓
▓T▓
▓D▓
▓@▓
▓.▓
▓.▓
▓.▓
▓†▓
▓†▓
▓'▓
▓.▓
▓.▓


You could see an eight-headed hydra, a troll, a centaur, a jelly and an adder
zombie.

Vanquished Creatures
  A troll (D)
  A scorpion (D)
  A crimson imp (D)
  A quasit (D)
  A jelly (D)
  An adder (D)
  2 shadow imps (D)
  An ooze (D)
  An adder skeleton (D)
  A bat skeleton (D)
  3 kobolds (D)
  A quokka (D)
  A leopard gecko zombie (D)
  A rat (D)
17 creatures vanquished.

Notes
Turn   | Place    | Note
-------+----------+-------------------------------------------
     0 | D        | GrittyGramps the Hill Orc Fighter began the quest for the Orb.
     0 | D        | Reached XP level 1. HP: 19/19 MP: 1/1
     8 | D        | Reached skill level 4 in Armour
    10 | D        | Reached XP level 2. HP: 28/28 MP: 2/2
    41 | D        | Noticed a crimson imp
    44 | D        | Killed a crimson imp
    44 | D        | Reached skill level 5 in Fighting
    44 | D        | Reached skill level 5 in Armour
    44 | D        | Reached XP level 3. HP: 36/36 MP: 3/3
    82 | D        | Reached skill level 1 in Dodging
    82 | D        | Reached skill level 5 in Shields
    82 | D        | Reached XP level 4. HP: 18/44 MP: 4/4
   268 | D        | Found a roughly hewn altar of Beogh.
   268 | D        | Found a snail-covered altar of Cheibriados.
   268 | D        | Found a shadowy altar of Dithmenos.
   268 | D        | Found a white marble altar of Elyvilon.
   268 | D        | Found a blossoming altar of Fedhas.
   268 | D        | Found an opulent altar of Gozag.
   269 | D        | Found a hazy altar of Hepliaklqana.
   270 | D        | Found a viscous altar of Jiyva.
   271 | D        | Found an ancient bone altar of Kikubaaqudgha.
   272 | D        | Found a corrupted altar of Lugonu.
   273 | D        | Found a burning altar of Makhleb.
   274 | D        | Found a sparkling altar of Nemelex Xobeh.
   275 | D        | Found an iron altar of Okawaru.
   276 | D        | Found a stormy altar of Qazlal.
   277 | D        | Found a sacrificial altar of Ru.
   278 | D        | Found a deep blue altar of Sif Muna.
   279 | D        | Found a bloodstained altar of Trog.
   280 | D        | Found a hide-covered altar of Uskayaw.
   281 | D        | Found a radiant altar of Vehumet.
   282 | D        | Found a shimmering altar of Xom.
   283 | D        | Found a basalt altar of Yredelemnul.
   284 | D        | Found a glowing silver altar of Zin.
   285 | D        | Found a glowing golden altar of the Shining One.
   287 | D        | Became a worshipper of Trog the Wrathful
   351 | D        | Noticed a troll
   355 | D        | Reached skill level 1 in Evocations
   367 | D        | Killed a troll
   367 | D        | Reached * piety under Trog
   367 | D        | Reached skill level 8 in Armour
   367 | D        | Reached XP level 5. HP: 33/53 MP: 4/8
   367 | D        | Reached XP level 6. HP: 38/61 MP: 4/9
   383 | D        | Reached ** piety under Trog
   496 | D        | Noticed an eight-headed hydra
   496 | D        | Noticed a troll
   507 | D        | Reached skill level 9 in Armour
   508 | D        | HP: 2/61 [eight-headed hydra (8)]
   509 | D        | Slain by an eight-headed hydra

Vault maps used:
D:        linesprint

Skill      XL: |  1  2  3  4  5  6 |
---------------+-------------------+-----
Fighting       | 4 5 7 8 |  8.2
Armour         | 4 5 8 9 |  9.0
Maces & Flails | 3 4 |  4.8
Shields        | 4 5 |  5.5
Dodging        | 1 3 4 |  4.1
Evocations     | 4 |  4.5
Staves         | 3 4 |  4.2

Action                   |  1- 3 |  4- 6 || total
-------------------------+-------+-------++-------
Melee: Flail             |    53 |       ||    53
       Quarterstaff      |       |    37 ||    37
Evoke: Wand              |       |     2 ||     2
  Use: Potion            |       |     3 ||     3
  Eat: Bread ration      |       |     1 ||     1
Armor: Scale mail        |    65 |       ||    65
       Plate armour      |       |    32 ||    32
Dodge: Dodged            |    30 |    35 ||    65
Block: Shield            |    54 |       ||    54
